 Dungeon Crawl Stone Soup version 0.28.0 (webtiles) character file.

Game seed: 3294510554252425570

2987 spicyDoesTourney the Charlatan (level 10, -4/59 HPs)
             Began as a Kobold Air Elementalist on Feb 13, 2022.
             Was a Follower of Fedhas.
             Killed from afar by an acid dragon (37 damage)
             ... with a splash of acid
             ... on level 7 of the Dungeon.
             The game lasted 00:39:38 (11040 turns).

spicyDoesTourney the Charlatan (KoAE)              Turns: 11040, Time: 00:39:38

Health: -4/59      AC:  2    Str:  5    XL:     10   Next: 9%
Magic:  13/13      EV: 16    Int: 19    God:    Fedhas [*.....]
Gold:   343        SH:  0    Dex: 18    Spells: 7/13 levels left

rFire   . . .      SeeInvis .   b - +2 scimitar (vamp)
rCold   . . .      Faith    .   (no shield)
rNeg    . . .      Spirit   .   x - +0 troll leather armour
rPois   .          Reflect  .   (no helmet)
rElec   .          Harm     .   h - +0 cloak
rCorr   .          Rampage  .   (no gloves)
Will    .....                   D - +0 pair of boots
Stlth   ++++......              (no amulet)
HPRegen 0.99/turn               (no ring)
MPRegen 0.13/turn               (no ring)

@: corroded, studying Earth Magic
A: small, no large weapons, nightstalker 3
a: Renounce Religion


You were on level 7 of the Dungeon.
You worshipped Fedhas.
Fedhas was aware of your devotion.
You visited 1 branch of the dungeon, and saw 7 of its levels.

You collected 371 gold pieces.
You spent 28 gold pieces at shops.


Innate Abilities, Weirdness & Mutations

You are small and have problems with some larger weapons.
You are completely attuned to the shadows.


   Skills:
 - Level 5.0 Fighting
 + Level 5.5 Short Blades
 - Level 2.0 Staves
 + Level 4.2 Crossbows
 + Level 6.0 Dodging
 - Level 6.0 Stealth
 - Level 2.4 Spellcasting
 - Level 2.0 Conjurations
 - Level 6.0 Air Magic
 + Level 4.0 Invocations
 + Level 6.5 Evocations


You had 7 spell levels left.
You knew the following spells:

 Your Spells              Type           Power      Damage    Failure   Level
a - Shock                 Conj/Air       68%        1d7       5%          1
b - Static Discharge      Conj/Air       17%        N/A       8%          2
c - Swiftness             Air            25%        N/A       7%          3

Your spell library contained the following spells:

 Spells                   Type           Power      Damage    Failure   Level
 Airstrike                Air            12%        N/A       22%         4

Inventory:

Hand Weapons
 a - a +0 hand crossbow
 b - a +2 vampiric scimitar (weapon)
 w - a +2 dagger of holy wrath
 y - a +1 vorpal quarterstaff
Missiles
 c - 101 stones
 m - 11 poisoned darts
 n - 26 bolts
 r - 72 sling bullets
Armour
 g - a +0 robe
 h - a +0 cloak (worn)
 o - the +5 scale mail "Sedy" {Str+3}
   (You found it on level 4 of the Dungeon)

   Str:       It affects your strength (+3).
 x - a +0 troll leather armour (worn)
 D - a +0 pair of boots (worn)
 F - +0 steam dragon scales
Magical Staves
 s - a staff of air {!a}
Wands
 j - a wand of iceblast (17)
 v - a wand of paralysis (11)
 B - a wand of polymorph (3)
 E - a wand of mindburst (2)
Scrolls
 d - 4 scrolls of identify {@r1}
 e - 3 scrolls of amnesia
 f - 2 scrolls of enchant armour {unknown}
 i - a scroll of holy word
 k - 2 scrolls of silence {!r}
 l - a scroll of brand weapon
 p - 2 scrolls of fear
 q - 2 scrolls of fog {unknown}
 u - a scroll of magic mapping {unknown}
 z - a scroll of teleportation {@r2}
 A - 2 scrolls of vulnerability
 C - a scroll of immolation {unknown}
Potions
 t - 2 potions of brilliance

Dungeon Overview and Level Annotations

Branches:
Dungeon (7/15)
 Temple: D:4-7

Altars:
Dithmenos
Fedhas
Okawaru
Ru

Shops:
D:1 *

Annotations:
D:3 Sigmund
D:6 exclusions: howler monkey, jelly, ogre, orc, orc priest, orc wizard and 2 more exclusions, Grinder

#)# #.#
#.# #.#
#.# #.
#.# #.#
#.#
Y.D##.#
....#@#
...YD.#
....###
...#
#.# #.


You could see an acid dragon (catching breath) and an ice beast.


Message History

a +0 long sword; +0 steam dragon scales; the human corpse of Maggie F - +0 steam dragon scales You start resting.
Magic restored.
HP restored.
Your +2 dagger of holy wrath stops glowing.
a - a +0 hand crossbow (weapon)
Found a stone staircase leading down.
r - 72 sling bullets (gained 8)
f - 2 scrolls labelled VUNOROPRIA (gained 1)
You see here a +0 hand crossbow.
A - 2 scrolls of vulnerability (gained 1)
An acid dragon comes into view.
Your +2 dagger of holy wrath softly glows with a divine radiance!
w - a +2 dagger of holy wrath (weapon)
An ice beast comes into view.
The acid dragon spits acid at you. The splash of acid hits you!!
Ouch! That really hurt!
* * * LOW HITPOINT WARNING * * *
The acid corrodes you!
Your +2 dagger of holy wrath stops glowing.
You feel a sense of dread.
b - a +2 vampiric scimitar (weapon)
You hit the acid dragon but do no damage.
The acid dragon spits acid at you. The splash of acid hits you!!!
Ouch! That really hurt!
You die...
Fedhas appreciates your contribution to the ecosystem.

Skill      XL: |  1  2  3  4  5  6  7  8  9 |
---------------+----------------------------+-----
Stealth        | 3 4 6 |  6.0
Dodging        | 3 4 6 |  6.0
Conjurations   | 2 |  2.0
Air Magic      | 4 5 6 |  6.0
Fighting       | 2 5 |  5.0
Staves         | 1 2 |  2.0
Evocations     | 3 5 6 |  6.5
Short Blades   | 3 5 |  5.5
Crossbows      | 1 4 |  4.2
Invocations    | 1 4 |  4.0
Spellcasting   | |  2.4

Action                   |  1- 3 |  4- 6 |  7- 9 | 10-12 || total
-------------------------+-------+-------+-------+-------++-------
Melee: Unarmed           |    32 |       |     5 |       ||    37
       Punch             |     1 |       |     3 |       ||     4
       Quarterstaff      |    26 |   103 |    75 |       ||   204
       Staff             |     2 |       |       |       ||     2
       Dagger            |       |       |    30 |       ||    30
       Scimitar          |       |       |   118 |     1 ||   119
 Fire: Hand crossbow     |       |       |    14 |       ||    14
Throw: Dart              |       |       |     6 |       ||     6
 Cast: Shock             |    51 |    14 |     8 |       ||    73
       Static Discharge  |     7 |     8 |    28 |       ||    43
       Swiftness         |       |     1 |       |       ||     1
Evoke: Wand              |       |     2 |     3 |       ||     5
  Use: Potion            |     2 |     2 |     3 |       ||     7
       Scroll            |       |       |     8 |       ||     8
 Stab: Sleeping          |     2 |     3 |    12 |       ||    17
       Paralysed         |       |       |     6 |       ||     6
       Confused          |       |       |     1 |       ||     1
Armor: Robe              |     8 |     2 |     1 |       ||    11
       Scale mail        |       |    49 |    63 |       ||   112
       Troll leather arm |       |       |    45 |       ||    45
       Skin              |       |       |     2 |       ||     2
Dodge: Dodged            |    68 |    64 |   235 |       ||   367

Levels and vault maps discovered:
D:1:      lightli_arrival_boilingwater, layout_basic, serial_shops, shop,
          nicolae_square_shop, hellmonk_ecumenical_altar_heavens_door,
          serial_bayou_lagoon_a, minmay_hedge_maze
D:2:      layout_basic, kennysheep_big_empty_room
D:3:      layout_basic, okawaru_metal_pillars_1_2, lexackson_kobold_supper,
          uniq_natasha, uniq_sigmund
D:4:      minmay_skewed_foursquare, layout_basic,
          nicolae_dithmenos_shadow_blocks, nrook_loot_triangle, uniq_ijyb,
          uniq_blork_the_orc
D:5:      layout_basic, lemuel_coloured_pillars_altar, st_stairs_14,
          uniq_prince_ribbit1
D:6:      layout_layer_cave, mainiacjoe_overflow_surrounded_room,
          chequers_serial_rivers_room_a, minmay_manual_mares, uniq_grinder
D:7:      layout_loops_ring, minmay_temple_entry_glassed_door,
          kennysheep_generic_room_11, uniq_maggie

Notes
Turn   | Place    | Note
-------+----------+-------------------------------------------
     0 | D:1      | spicyDoesTourney the Kobold Air Elementalist began the
                  | quest for the Orb.
     0 | D:1      | Reached XP level 1. HP: 10/10 MP: 3/3
   126 | D:1      | HP: 1/10 [quokka (4)]
   143 | D:1      | HP: 1/10 [quokka (3)]
   167 | D:1      | HP: 1/10 [quokka (1)]
   539 | D:1      | Reached XP level 2. HP: 15/15 MP: 3/5
   663 | D:1      | Reached skill level 3 in Stealth
   685 | D:1      | Found Cyegac's Assorted Antiques.
   830 | D:1      | Learned a level 2 spell: Static Discharge
  1298 | D:1      | Found a faded altar of an unknown god.
  1642 | D:2      | Reached XP level 3. HP: 18/19 MP: 0/6
  1911 | D:2      | Reached skill level 3 in Dodging
  2648 | D:2      | Reached skill level 2 in Conjurations
  2652 | D:2      | Learned a level 3 spell: Swiftness
  3031 | D:3      | Found an iron altar of Okawaru.
  3040 | D:3      | Noticed Natasha
  3050 | D:3      | Killed Natasha
  3051 | D:3      | Reached skill level 4 in Air Magic
  3051 | D:3      | Reached XP level 4. HP: 7/24 MP: 1/7
  3490 | D:3      | Noticed Sigmund
  3876 | D:3      | Noticed Natasha
  3880 | D:3      | Killed Natasha
  3881 | D:3      | Reached XP level 5. HP: 28/28 MP: 2/8
  4001 | D:4      | Reached skill level 5 in Air Magic
  4115 | D:4      | Identified the +5 scale mail "Sedy" {Str+3}
  4450 | D:4      | Reached XP level 6. HP: 19/32 MP: 6/9
  4554 | D:4      | Noticed Ijyb
  4575 | D:3      | HP: 2/32 [gnoll shaman (5)]
  4712 | D:4      | Killed Ijyb
  4713 | D:4      | Reached skill level 6 in Air Magic
  4932 | D:4      | Found a shadowy altar of Dithmenos.
  5058 | D:4      | Reached skill level 1 in Fighting
  5087 | D:3      | Noticed Natasha
  5100 | D:3      | Killed Natasha
  5406 | D:4      | Noticed Blork the orc
  5414 | D:4      | Killed Blork the orc
  5415 | D:4      | Reached skill level 2 in Fighting
  5415 | D:4      | Reached skill level 1 in Staves
  5415 | D:4      | Reached XP level 7. HP: 24/40 MP: 10/10
  5652 | D:5      | Entered Level 5 of the Dungeon
  5767 | D:5      | Reached skill level 3 in Fighting
  5806 | D:6      | Noticed Grinder
  6262 | D:4      | Reached skill level 2 in Staves
  6483 | D:1      | Bought a scroll labelled DUMOIMI POWN for 28 gold pieces
  7435 | D:5      | Reached skill level 4 in Fighting
  7475 | D:5      | Noticed a troll
  7730 | D:5      | Found a blossoming altar of Fedhas.
  7771 | D:5      | Noticed a water moccasin
  8262 | D:5      | Killed a troll
  8263 | D:5      | Reached skill level 5 in Fighting
  8263 | D:5      | Reached skill level 3 in Evocations
  8263 | D:5      | Reached XP level 8. HP: 49/49 MP: 11/11
  8466 | D:5      | Became a worshipper of Fedhas Madash
  8519 | D:5      | Noticed Prince Ribbit
  8530 | D:5      | Reached skill level 1 in Short Blades
  8530 | D:5      | Reached skill level 4 in Evocations
  8540 | D:5      | Killed Prince Ribbit
  8541 | D:5      | Reached skill level 2 in Short Blades
  8541 | D:5      | Reached skill level 4 in Stealth
  8610 | D:5      | Reached skill level 4 in Dodging
  8969 | D:6      | Reached skill level 3 in Short Blades
  8969 | D:6      | Reached skill level 1 in Crossbows
  8969 | D:6      | Reached skill level 1 in Invocations
  8969 | D:6      | Reached skill level 5 in Evocations
  8969 | D:6      | Reached XP level 9. HP: 33/54 MP: 5/12
  9041 | D:6      | Reached skill level 5 in Stealth
  9205 | D:6      | Reached skill level 2 in Crossbows
  9205 | D:6      | Reached skill level 2 in Invocations
  9353 | D:6      | Reached * piety under Fedhas
  9354 | D:6      | Reached skill level 4 in Short Blades
  9354 | D:6      | Reached skill level 5 in Dodging
  9589 | D:6      | Reached skill level 6 in Stealth
  9614 | D:6      | Reached skill level 3 in Crossbows
  9622 | D:6      | Reached skill level 3 in Invocations
  9699 | D:6      | Reached skill level 6 in Evocations
 10327 | D:6      | Found a sacrificial altar of Ru.
 10813 | D:7      | Reached skill level 5 in Short Blades
 10907 | D:7      | Noticed Maggie
 10915 | D:7      | Killed Maggie
 10916 | D:7      | Reached skill level 4 in Crossbows
 10916 | D:7      | Reached skill level 6 in Dodging
 10916 | D:7      | Reached skill level 4 in Invocations
 10916 | D:7      | Reached XP level 10. HP: 20/59 MP: 8/13
 11040 | D:7      | Killed from afar by an acid dragon

Vanquished Creatures
  Maggie (D:7)
  A troll (D:5)
  Prince Ribbit (D:5)
  A wyvern (D:7)
  2 water moccasins
  2 ice beasts (D:6)
  A black bear (D:6)
  2 necrophages
  A sky beast (D:6)
  2 ogres (D:6)
  3 centaurs (D:6)
  A kobold brigand (D:5)
  Blork the orc (D:4)
  4 scorpions
  4 wights (D:6)
  3 hounds
  A jelly (D:7)
  A gnoll shaman (D:3)
  Ijyb (D:4)
  Natasha (thrice) (D:3)
  A killer bee zombie (D:6)
  A hound zombie (D:5)
  6 gnolls
  2 adders (D:5)
  A shadow imp (D:5)
  5 white imps
  2 worms
  2 dart slugs
  4 orcs
  4 endoplasms
  5 giant cockroaches
  5 goblins
  9 hobgoblins
  3 jackals (D:2)
  5 quokkas
  5 ball pythons
  3 bats
  4 frilled lizards
  12 kobolds
  8 rats
123 creatures vanquished.

Vanquished Creatures (others)
  25 plants
25 creatures vanquished.

Grand Total: 148 creatures vanquished

Table legend: (Time is in decaauts)
 A = Elapsed time spent in this place.
 B = Non-inter-level travel time spent in this place.
 C = Inter-level travel time spent in this place.
 D = Time resting spent in this place.
 E = Time spent auto-exploring this place.
 F = Levels seen in this place.
 G = Mean time per level.
                   A        B        C        D        E       F      G
               +--------+--------+--------+--------+--------+-----+--------+
         Total |  11184 |  10110 |   1074 |   2722 |   5331 |   7 | 1597.7 |
       Dungeon |  11184 |  10110 |   1074 |   2722 |   5331 |   7 | 1597.7 |
               +--------+--------+--------+--------+--------+-----+--------+

Top non-repeatable levels by time:
     D:6: 2442 daAuts
     D:4: 2005 daAuts
     D:2: 1810 daAuts
     D:3: 1760 daAuts
     D:1: 1551 daAuts
     D:5: 1300 daAuts
     D:7: 313 daAuts

Table legend:
 A = Non-vault XP
 B = Vault XP
 C = Vault XP percentage of total XP
 D = Non-vault monster count
 E = Vault monster count
 F = Vault count percentage of total count
                 A         B        C        D         E       F
            +---------+---------+-------+---------+---------+-------
      Total |    3077 |    1191 |  27.9 |     109 |      14 |  11.4
            +---------+---------+-------+---------+---------+-------
        D:1 |      26 |       0 |   0.0 |      16 |       0 |   0.0
        D:2 |      40 |       0 |   0.0 |      23 |       0 |   0.0
        D:3 |     160 |      36 |  18.4 |      17 |       2 |  10.5
        D:4 |     195 |     257 |  56.9 |      15 |       7 |  31.8
        D:5 |     819 |     288 |  26.0 |      16 |       2 |  11.1
        D:6 |    1580 |     225 |  12.5 |      19 |       2 |   9.5
        D:7 |     257 |     385 |  60.0 |       3 |       1 |  25.0
            +---------+---------+-------+---------+---------+-------
